 Dungeon Crawl Stone Soup version 0.21-a0-521-g1cd18d1 (webtiles) character file.

815 Gerstahl the Skirmisher (level 7, -1/96 HPs)
             Began as a Yellow Draconian Gladiator on Dec 5, 2017.
             Slain by Laiders's ghost (7 damage)
             ... on level 5 of the Dungeon.
             The game lasted 00:07:24 (5003 turns).

Gerstahl the Skirmisher (DrGl)                      Turns: 5003, Time: 00:07:25

Health: -1/96      AC: 23    Str: 17    XL:     7   Next: 62%
Magic:  8/8        EV:  2    Int:  8    God:
Gold:   271        SH:  0    Dex: 14    Spells: 6/6 levels left

rFire    . . .     SeeInvis .   a - +0 war axe
rCold    . . .     Gourm    .   (no shield)
rNeg     + + +     Faith    .   (armour unavailable)
rPois    +         Spirit   .   (helmet currently unavailable)
rElec    .         Reflect  .   (cloak currently unavailable)
rCorr    .         Harm     .   (gloves currently unavailable)
MR       .....     NoTele   +   (boots currently unavailable)
Stlth    +.........             (no amulet)
HPRegen  0.26/turn              (no ring)
MPRegen  0.11/turn              (no ring)

@: short of breath, tree-form
A: (spit acid), (acid resistance), unfitting armour, AC +6
a: no special abilities


You were on level 5 of the Dungeon.
You were hungry.
You were a tree.
You visited 2 branches of the dungeon, and saw 6 of its levels.

You collected 271 gold pieces.

Inventory:

Hand Weapons
 a - a +0 war axe (weapon)
Armour
 b - a +0 hat (melded)
Jewellery
 c - a cursed amulet of inaccuracy {unknown}
 r - an uncursed ring of resist corrosion {unknown}
Wands
 q - a wand of disintegration (12)
Scrolls
 e - a scroll of teleportation {unknown}
 g - 2 scrolls of amnesia {unknown}
 i - 4 scrolls of remove curse {unknown}
 j - 7 scrolls of identify {unknown}
 s - 2 scrolls of fog {unknown}
Potions
 h - a potion of resistance {unknown}
 k - a potion of degeneration {unknown}
 m - a potion of cancellation {unknown}
 o - 2 potions of heal wounds {unknown}
Books
 t - a book of Cantrips

   Spells                             Type                      Level
   a - Confusing Touch                Hexes                        1
   b - Animate Skeleton               Necromancy                   1
   c - Summon Small Mammal            Summoning                    1
   d - Apportation                    Translocation                1
Comestibles
 d - 6 bread rations
 l - 2 royal jellies
 n - 2 meat rations


   Skills:
 + Level 6.5 Fighting
 + Level 6.4 Axes
 - Level 1.7 Throwing
 + Level 3.3 Dodging
 + Level 1.8 Evocations


You had 6 spell levels left.
You didn't know any spells.

Dungeon Overview and Level Annotations

Branches:
Dungeon (5/15)             Temple (1/1) D:4

Altars:
Cheibriados
Dithmenos
Elyvilon
Fedhas
Gozag
Hepliaklqana
Kikubaaqudgha
Makhleb
Nemelex Xobeh
Okawaru
Qazlal
Ru
Sif Muna
Trog
Vehumet
Wu Jian
Xom
Yredelemnul
Zin

Annotations:
D:5 Laiders's ghost, novice MiFi


Innate Abilities, Weirdness & Mutations

((You can spit globs of acid.))
((You are resistant to acid.))
((Your golden yellow scales are hard. (AC +6)))
You cannot fit into any form of body armour.
((You are cold-blooded and may be slowed by cold attacks.))


Message History

Laiders's ghost hits you!
You hit Laiders's ghost.
Laiders's ghost is heavily damaged.
Laiders's ghost hits you!
* * * LOW HITPOINT WARNING * * *
Laiders's ghost stares at you. Laiders's ghost hits you!
* * * LOW HITPOINT WARNING * * *
Okay, then.
You turn into a tree.
Your +0 hat melds into your body.
Your roots penetrate the ground.
Laiders's ghost hits you.
* * * LOW HITPOINT WARNING * * *
You hit Laiders's ghost.
Laiders's ghost is heavily damaged.
Laiders's ghost is no longer covered in acid.
Laiders's ghost hits you but does no damage.
You barely miss Laiders's ghost.
Laiders's ghost is heavily damaged.
Laiders's ghost hits you!
You die...

#>###..#######
#..#.....#
#....###.# ###.##
########## #.####
#......# ###....#
#.####.#
#...##.###.####.#
##....#.##.....#.#
...._..♣W...##.#.#
##.#....####.##.#.#
#.##... #.##.#.# #
...### #......# ##
###. #####.#### ..
# #........# ..
#.##.#.##.####..
.#.....#.#.....
+........>.......


You could see Laiders's ghost.

Vanquished Creatures
  The ghost of Gerstahl the Chopper, an amateur DrGl (D:4)
  Edmund (D:4)
  A scorpion (D:2)
  A bullfrog zombie (D:4)
  2 hounds (D:4)
  A bullfrog skeleton (D:4)
  An orc priest (D:3)
  An iguana (D:4)
  Ijyb (D:4)
  3 worker ants (D:4)
  8 gnolls
  5 adders
  3 oozes
  3 worms
  5 dart slugs
  3 leopard geckos
  4 orcs
  A giant cockroach (D:2)
  5 goblins
  9 hobgoblins
  5 jackals (D:2)
  A quokka (D:3)
  3 ball pythons
  11 bats
  3 frilled lizards
  A jackal skeleton (D:4)
  10 kobolds
  6 rats
99 creatures vanquished.

Notes
Turn   | Place    | Note
-------+----------+-------------------------------------------
     0 | D:1      | Gerstahl the Draconian Gladiator began the quest for the Orb.
     0 | D:1      | Reached XP level 1. HP: 17/17 MP: 1/1
    93 | D:1      | Reached XP level 2. HP: 25/25 MP: 2/2
   777 | D:1      | Reached XP level 3. HP: 30/31 MP: 3/3
  1131 | D:2      | Noticed a scorpion
  1141 | D:2      | Killed a scorpion
  1141 | D:2      | Reached XP level 4. HP: 40/40 MP: 4/4
  1308 | D:1      | Reached XP level 5. HP: 9/47 MP: 5/5
  2412 | D:3      | Reached skill level 5 in Axes
  2657 | D:3      | Reached skill level 5 in Fighting
  3068 | D:3      | Reached XP level 6. HP: 34/56 MP: 6/6
  3348 | D:4      | Found a staircase to the Ecumenical Temple.
  3362 | D:4      | Noticed Ijyb
  3378 | D:4      | Killed Ijyb
  3638 | Temple   | Entered the Ecumenical Temple
  3838 | D:4      | Noticed Edmund
  4309 | D:4      | Your scales start taking on a golden yellow colour.
  4309 | D:4      | Reached XP level 7. HP: 60/63 MP: 7/7
  4321 | D:4      | Noticed Gerstahl's ghost (amateur DrGl)
  4329 | D:4      | Killed Gerstahl's ghost
  4329 | D:4      | Reached skill level 1 in Evocations
  4427 | D:4      | Found a sparkling altar of Nemelex Xobeh.
  4659 | D:4      | Killed Edmund
  4901 | D:5      | Entered Level 5 of the Dungeon
  4936 | D:5      | Found an ornate altar of the Wu Jian Council.
  4975 | D:5      | Noticed Laiders's ghost (novice MiFi)
  5003 | D:5      | Slain by Laiders's ghost

Vault maps used:
D:1:      minmay_arrival_hallway
D:2:      first_bread
D:4:      nemelex_xobeh_ov_fountains_minmay, temple_fountains, uniq_edmund,
          uniq_ijyb
D:5:      nicolae_overflow_crystal_walls, trog_hazing_becter
Temple:   minmay_crystal_spiral_temple

Skill      XL: |  1  2  3  4  5  6  7 |
---------------+----------------------+-----
Fighting       | 3 4 5 6 |  6.5
Axes           | 4 5 6 |  6.4
Dodging        | 3 |  3.3
Evocations     | 1 |  1.8
Throwing       | |  1.7

Action                   |  1- 3 |  4- 6 |  7- 9 || total
-------------------------+-------+-------+-------++-------
Melee: War axe           |   117 |   188 |    27 ||   332
       Tailslap          |    13 |    18 |     3 ||    34
Throw: Throwing net      |       |     3 |       ||     3
 Abil: Breathe Acid      |       |       |     4 ||     4
  Use: Potion            |       |     1 |     1 ||     2
 Stab: Sleeping          |     1 |     3 |       ||     4
       Held in net/web   |       |     4 |       ||     4
  Eat: Chunk             |       |     9 |     2 ||    11
       Fruit             |       |     1 |     2 ||     3
Armor: Skin              |    41 |    57 |     3 ||   101
Dodge: Dodged            |   114 |   165 |    22 ||   301

Table legend:
 A = Spawn XP
 B = Non-spawn XP
 C = Spawn XP percentage of total XP
 D = Spawn monster count
 E = Non-spawn monster count
 F = Spawn count percentage of total count
 G = Total turns spent on level
                    A         B        C        D         E        F      G
               +---------+---------+-------+---------+---------+-------+---------
         Total |       0 |    1165 |   0.0 |       0 |      99 |   0.0 |  5003
               +---------+---------+-------+---------+---------+-------+---------
           D:1 |       0 |      63 |   0.0 |       0 |      28 |   0.0 |  1166
           D:2 |       0 |     194 |   0.0 |       0 |      32 |   0.0 |  1126
           D:3 |       0 |     165 |   0.0 |       0 |      23 |   0.0 |  1062
           D:4 |       0 |     743 |   0.0 |       0 |      16 |   0.0 |  1378
               +---------+---------+-------+---------+---------+-------+---------
